 Dungeon Crawl Stone Soup version 0.30-a0-840-ga523dec638 (webtiles) character file.

Game seed: 17179972041360040818

891 Pimp the Covered (level 7, -8/64 HPs)
             Began as an Armataur Fighter on Mar 1, 2023.
             Mangled by Pikel
             ... wielding a +0 whip of electrocution
              (16 damage)
             ... on level 6 of the Dungeon.
             The game lasted 00:08:46 (4417 turns).

Pimp the Covered (Armataur Fighter)                 Turns: 4417, Time: 00:08:48

Health: -8/64      AC: 18    Str: 18 (24) XL:     7   Next: 77%
Magic:  7/7        EV:  7    Int:  4 (8)  God:
Gold:   355        SH:  0    Dex:  3 (9)  Spells: 6/6 levels left

rFire   x . .      SeeInvis .    a - +1 war axe
rCold   + + .      Faith    .    c - +0 buckler
rNeg    . . .      Spirit   .    k - +0 ice dragon scales
rPois   +          Reflect  .    y - +2 helmet
rElec   .          Harm     .    w - +2 cloak {rPois}
rCorr   .          Roll     +    (no gloves)
Will    .....                    (no barding) Stlth
                                 s - amulet of magic regeneration
HPRegen 0.30/turn                (no ring)
MPRegen 0.50/turn                (no ring)

@: confused, hasted, very quick
A: large, rugged brown scales 3, deformed body, armoured tail, roll, long
tongue, awkward tongue, claws 1, iridescent scales 1, screaming 1
a: no special abilities


You were on level 6 of the Dungeon.
You visited 1 branch of the dungeon, and saw 6 of its levels.

You collected 355 gold pieces.

Inventory:

Hand Weapons
 a - a +1 war axe (weapon)
Armour
 b - a +0 scale mail
 c - a +0 buckler (worn)
 k - +0 ice dragon scales (worn)
 p - a +0 cloak
 w - a +2 cloak of poison resistance (worn)
 y - a +2 helmet (worn)
Jewellery
 s - an amulet of magic regeneration (around neck)
Wands
 u - a wand of roots (12)
 v - a wand of polymorph (3)
Scrolls
 f - a scroll of silence
 g - 5 scrolls of identify
 h - 2 scrolls of teleportation
 o - a scroll of enchant weapon
 r - a scroll of fog
Potions
 d - a potion of might
 e - a potion of magic
 n - a potion of flight
 x - a potion of degeneration


   Skills:
 + Level 4.4 Fighting
 + Level 3.5 Axes
 + Level 6.0 Armour
 + Level 2.7 Dodging
 + Level 5.4 Shields


You had 6 spell levels left.
You didn't know any spells.
Your spell library contained the following spells:

 Spells                   Type           Power      Damage    Failure   Level
 Apportation              Tloc           0%         N/A       94%         1
 Beastly Appendage        Tmut           0%         N/A       94%         1
 Foxfire                  Conj/Fire      0%         2x1d4     94%         1
 Slow                     Hex            0%         N/A       94%         1
 Blink                    Tloc           0%         N/A       98%         2
 Lesser Beckoning         Tloc           0%         N/A       98%         2
 Momentum Strike          Conj/Tloc      0%         3d8       98%         2
 Wereblood                Tmut           0%         N/A       98%         2
 Confusing Touch          Hex            0%         N/A       100%        3
 Gell's Gravitas          Tloc           0%         N/A       100%        3
 Ignite Poison            Fire/Tmut/Pois 0%         N/A       100%        3
 Kindle Blastsparks       Fire/Tloc/Air  0%         2d10      100%        3
 Spider Form              Tmut/Pois      0%         N/A       100%        3
 Teleport Other           Tloc           0%         N/A       100%        3
 Vampiric Draining        Necr           0%         2d6       100%        3
 Alistair's Intoxication  Tmut/Pois      0%         N/A       100%        5
 Fireball                 Conj/Fire      0%         3d3       100%        5
 Freezing Cloud           Conj/Ice/Air   0%         6-21      100%        5
 Starburst                Conj/Fire      0%         6d3       100%        6


Dungeon Overview and Level Annotations

Branches:
Dungeon (6/15)
 Temple: D:4-7

Altars:
Fedhas
Nemelex Xobeh
Zin

Annotations:
D:6 Pikel


Innate Abilities, Weirdness & Mutations

You are completely covered in rugged brown scales. (AC +3, +7% HP)
Armour fits poorly on your strangely shaped body.
You have a long armoured tail.
You roll when moving toward enemies. (Rampage)
Your long tongue fully drains potion bottles. (2x potion effects)
Your tongue gives you trouble enunciating. (1.5x scroll delay)
You have sharp fingernails.
You are partially covered in iridescent scales. (AC +2)
You occasionally shout uncontrollably at your foes.


Message History

Pikel is lightly wounded.
You closely miss the lemure. You block Pikel's attack.
You block the lemure's attack.
An orc comes into view. It is wielding a +0 club.
The lemure attacks as you move away! The lemure hits you but does no damage.
You slash Pikel!
Your tail-slap misses Pikel.
Pikel is moderately wounded.
Pikel hits you but does no damage. x2; You are electrocuted!
* * * LOW HITPOINT WARNING * * *
You slurp down every last drop of the yellow potion!
It was a potion of degeneration.
There was something very wrong with that liquid.
You feel weakened.
You feel dopey.
You feel clumsy. Pikel barely misses you.
You slurp down every last drop of the potion of haste!
You feel yourself speed up. Pikel hits you but does no damage.
You hit Pikel but do no damage.
Your tail-slap misses Pikel.
Pikel is moderately wounded.
Pikel zaps a wand.
Your will is overpowered!
You are confused.
You bump into the rock wall.
You are too confused!
You hit Pikel but do no damage.
Pikel is moderately wounded.
Pikel hits you but does no damage.
You bump into the rock wall.
Pikel zaps a wand.
You resist with some effort.
You closely miss Pikel.
Pikel is moderately wounded.
Pikel zaps a wand.
Your will is overpowered!
You are more confused.
You bump into the rock wall.
You miss Pikel.
Pikel is moderately wounded.
Pikel waves his whip at you. Pikel closely misses you.
You're too confused to move!
Pikel hits you with a +0 whip of electrocution.
* * * LOW HITPOINT WARNING * * *
You are electrocuted!
You die...

#.## . #... .##
o.. ..# #.. #.#
#o$ #.# #.o #.#
#55####.# #
#55K@...# .
#.#####.# # #.#
#.# #.#
##.######.#. #.#
##.#.........
##.###.###........
###
#.....#.#.########
.)### #^.......##
....# #..##.##.#


You could see Pikel and 4 lemures.

Vanquished Creatures
  A steam dragon (D:6)
  2 water moccasins (D:6)
  An ice beast (D:5)
  An ogre (D:5)
  A scorpion (D:4)
  2 jellies (D:4)
  Crazy Yiuf (D:4)
  An iguana (D:5)
  4 gnolls (D:2)
  7 adders
  An ufetubus (D:5)
  A worm (D:3)
  A dart slug (D:1)
  6 orcs
  5 ball pythons
  5 endoplasms
  6 giant cockroaches
  6 goblins
  15 hobgoblins
  7 jackals (D:1)
  5 kobolds
  3 quokkas
  3 frilled lizards
  6 rats
91 creatures vanquished.

Vanquished Creatures (others)
  3 fungi (D:4)
3 creatures vanquished.

Grand Total: 94 creatures vanquished

Notes
Turn   | Place    | Note
-------+----------+-------------------------------------------
     0 | D:1      | Pimp the Armataur Fighter began the quest for the Orb.
     0 | D:1      | Reached XP level 1. HP: 19/19 MP: 1/1
   148 | D:1      | Reached XP level 2. HP: 23/26 MP: 2/2
   543 | D:1      | Reached XP level 3. HP: 33/33 MP: 3/3
   545 | D:1      | Reached skill level 4 in Armour
   551 | D:1      | You fall into a shaft and drop 1 floor!
   853 | D:2      | Found a blossoming altar of Fedhas.
   972 | D:2      | Reached skill level 1 in Dodging
   972 | D:2      | Reached XP level 4. HP: 39/40 MP: 4/4
  1274 | D:2      | Gained mutation: You occasionally shout uncontrollably at
                  | your foes. [potion of mutation]
  1274 | D:2      | Gained mutation: You have sharp fingernails. [potion of
                  | mutation]
  1274 | D:2      | Gained mutation: You are partially covered in iridescent
                  | scales. (AC +2) [potion of mutation]
  1612 | D:3      | Found a faded altar of an unknown god.
  2004 | D:3      | Found a sparkling altar of Nemelex Xobeh.
  2094 | D:3      | Reached XP level 5. HP: 48/48 MP: 5/5
  2526 | D:4      | Reached XP level 6. HP: 27/54 MP: 6/6
  2616 | D:4      | Found a glowing silver altar of Zin.
  2617 | D:4      | Identified the +0 spear "Unademu" {flame, Dex+5}
  2970 | D:4      | Found a runed translucent door.
  2971 | D:4      | Noticed Crazy Yiuf
  2983 | D:4      | Killed Crazy Yiuf
  2984 | D:4      | Reached skill level 5 in Armour
  3055 | D:5      | Entered Level 5 of the Dungeon
  3654 | D:5      | Noticed an ice beast
  3671 | D:5      | Killed an ice beast
  3672 | D:5      | Reached XP level 7. HP: 51/63 MP: 7/7
  4009 | D:6      | Noticed a steam dragon
  4021 | D:6      | HP: 3/63 [steam dragon/ball of steam (10)]
  4022 | D:6      | Killed a steam dragon
  4023 | D:6      | Reached skill level 5 in Shields
  4356 | D:6      | Reached skill level 6 in Armour
  4397 | D:6      | Noticed Pikel
  4417 | D:6      | Mangled by Pikel

Illustrated notes

Levels and vault maps discovered:
D:1:      shiori_arrival_oz, layout_loops_corners, dreamdust_wishing_well
D:2:      layout_basic, serial_glass, glass_columns_b, glass_columns_c,
          basic_altar
D:3:      layout_loops_corners, mainiacjoe_overflow_tiny_flanked,
          dreamdust_ecumenical_altar_statues, kennysheep_generic_room_4
D:4:      layout_rooms, lemuel_crystal_altar, uniq_crazy_yiuf_cottage
D:5:      layout_loops_corners
D:6:      layout_loops_ring, minmay_overflow_temple_star_hex,
          minmay_temple_entry_purple_smoke, nrook_mini_backslash, uniq_pikel

Skill      XL: |  1  2  3  4  5  6  7 |
---------------+----------------------+-----
Fighting       | 3 4 |  4.4
Armour         | 4 5 6 |  6.0
Axes           | 2 3 |  3.5
Dodging        | 1 2 |  2.7
Shields        | 4 5 |  5.4

Action                     |  1- 3 |  4- 6 |  7- 9 || total
---------------------------+-------+-------+-------++-------
  Melee: War axe           |    92 |   160 |    44 ||   296
         Tailslap          |     7 |    27 |     8 ||    42
         Unarmed           |       |     2 |       ||     2
    Use: Scroll            |       |    11 |       ||    11
         Potion            |       |     4 |     8 ||    12
 Armour: Scale mail        |    71 |     7 |       ||    78
         Ice dragon scales |       |    87 |    43 ||   130
  Dodge: Dodged            |    53 |    48 |    22 ||   123
  Block: Buckler           |    17 |    22 |     9 ||    48

Table legend: (Time is in decaauts)
 A = Elapsed time spent in this place.
 B = Non-inter-level travel time spent in this place.
 C = Inter-level travel time spent in this place.
 D = Time resting spent in this place.
 E = Time spent auto-exploring this place.
 F = Levels seen in this place.
 G = Mean time per level.
                   A        B        C        D        E       F      G
               +--------+--------+--------+--------+--------+-----+--------+
         Total |   4509 |   4360 |    149 |    605 |   2899 |   6 |  751.5 |
       Dungeon |   4509 |   4360 |    149 |    605 |   2899 |   6 |  751.5 |
               +--------+--------+--------+--------+--------+-----+--------+

Top non-repeatable levels by time:
     D:2: 1030 daAuts
     D:5: 914 daAuts
     D:3: 817 daAuts
     D:4: 704 daAuts
     D:1: 578 daAuts
     D:6: 464 daAuts
